 Dungeon Crawl Stone Soup version 0.21-a0-504-g2eda330 (webtiles) character file.

30 slep the Skirmisher (level 3, -10/29 HPs)
             Began as a Demonspawn Monk on Nov 26, 2017.
             Mangled by an ogre
             ... wielding a +0 giant club
              (13 damage)
             ... on level 2 of the Dungeon.
             The game lasted 00:04:24 (797 turns).

slep the Skirmisher (Demonspawn Monk)                Turns: 797, Time: 00:04:25

Health: -10/29     AC:  6    Str: 12    XL:     3   Next: 3%
Magic:  0/3        EV:  9    Int: 11    God:
Gold:   9          SH:  3    Dex: 15    Spells: 2/2 levels left

rFire    . . .     SeeInvis .   a - +0 spear
rCold    . . .     Gourm    .   k - +0 buckler
rNeg     . . .     Faith    .   g - +0 scale mail
rPois    .         Spirit   +   o - +0 hat
rElec    .         Reflect  .   (no cloak)
rCorr    .         Harm     .   (no gloves)
MR       .....                  (no boots)
Stlth    +.........             p - amulet of guardian spirit (curse)
HPRegen  0.09/turn              (no ring)
MPRegen  0.08/turn              (no ring)

@: about to teleport
A: talons 1
a: no special abilities


You were on level 2 of the Dungeon.
You were not hungry.

You visited 1 branch of the dungeon, and saw 2 of its levels.

You collected 9 gold pieces.

Inventory:

Hand Weapons
 a - a +0 spear (weapon)
Armour
 b - a +0 robe
 d - a +0 leather armour
 g - a +0 scale mail (worn)
 k - a +0 buckler (worn)
 o - a +0 hat (worn)
Jewellery
 j - an uncursed amulet of faith
 p - a cursed amulet of guardian spirit (around neck)
Scrolls
 e - 4 scrolls of identify {unknown}
 m - a scroll of noise {unknown}
 n - a scroll of magic mapping {unknown}
Comestibles
 c - 3 bread rations
 l - 3 royal jellies


   Skills:
 + Level 3.3 Fighting
 + Level 3.0 Polearms
 + Level 0.5 Armour
 + Level 3.1 Dodging
 + Level 1.7 Stealth


You had 2 spell levels left.
You didn't know any spells.

Dungeon Overview and Level Annotations

Branches:
Dungeon (2/15)

Altars:
Dithmenos
Hepliaklqana
Wu Jian


Innate Abilities, Weirdness & Mutations

You have sharp toenails.


Message History

Firing (i - inventory): No suitable missiles.
Press: ? - help, Shift-Dir - straight line, f - ogre
Aim: an ogre, wielding a giant club
Okay, then.
It was a potion of heal wounds.
You feel much better.
You hit the ogre but do no damage. You claw the ogre.
The ogre is lightly wounded.
The ogre barely misses you.
You barely miss the ogre. You claw the ogre.
The ogre is lightly wounded.
The ogre hits you with a giant club!
You hit the ogre.
The ogre is moderately wounded.
The ogre hits you with a giant club!
* * * LOW HITPOINT WARNING * * *
It was a potion of magic.
Magic courses through your body.
As you read the scroll labeled YCECOR CECOGO, it crumbles to dust.
You feel strangely unstable.
It was a scroll of teleportation.
The ogre hits you with a giant club!
You die...

### ### ### #.######.# #####.#
#........#####$K.O.#
######.######.##.##.###.#
...)...# #.##.##.# #.#
.############.##.##O# #O###
..............##@##.# #.#..
..##############O##.#
#.#.####### .........# #K...#
#.#.#....K. #.######.# #.####
#K#.......# #....#
#.##############.#._.....#
####.#
#..............†..........
#.###################†.(.⌠.._.
#<......... ........(?...
###†...### #####._.(....


You could see an ogre and a kobold.

Vanquished Creatures
  An adder (D:2)
  A worm (D:2)
  A dart slug (D:2)
  A leopard gecko (D:1)
  3 goblins (D:1)
  3 hobgoblins
  3 bats (D:1)
  A frilled lizard (D:2)
  2 kobolds (D:1)
  A rat (D:1)
17 creatures vanquished.

Notes
Turn   | Place    | Note
-------+----------+-------------------------------------------
     0 | D:1      | slep the Demonspawn Monk began the quest for the Orb.
     0 | D:1      | Reached XP level 1. HP: 18/18 MP: 1/1
   152 | D:1      | Gained mutation: You have sharp toenails. [demonic ancestry]
   152 | D:1      | Reached XP level 2. HP: 6/24 MP: 2/2
   738 | D:2      | Found a hazy altar of Hepliaklqana.
   748 | D:2      | Found an ornate altar of the Wu Jian Council.
   750 | D:2      | Found a shadowy altar of Dithmenos.
   760 | D:2      | Reached XP level 3. HP: 22/29 MP: 3/3
   763 | D:2      | Noticed an ogre
   797 | D:2      | Mangled by an ogre

Vault maps used:
D:1:      saegor_arrival_simple_b
D:2:      grunt_temple_overflow_open, ashenzari_altar_1,
          minmay_misc_feat_encased, nicolae_dithmenos_through_a_glass_darkly

Skill      XL: |  1  2 |
---------------+-------+-----
Dodging        | 3 |  3.1
Polearms       | 3 |  3.0
Fighting       | |  3.3
Armour         | |  0.5
Stealth        | |  1.7

Action                   || total
-------------------------++-------
Melee: Spear             ||    66
       Kick              ||     9
  Use: Potion            ||     2
       Scroll            ||     1
Armor: Scale mail        ||    15
       Leather armour    ||     3
Dodge: Dodged            ||    28
Block: Buckler           ||     2

Table legend:
 A = Spawn XP
 B = Non-spawn XP
 C = Spawn XP percentage of total XP
 D = Spawn monster count
 E = Non-spawn monster count
 F = Spawn count percentage of total count
 G = Total turns spent on level
                    A         B        C        D         E        F      G
               +---------+---------+-------+---------+---------+-------+---------
         Total |       0 |      43 |   0.0 |       0 |      17 |   0.0 |   797
               +---------+---------+-------+---------+---------+-------+---------
           D:1 |       0 |      18 |   0.0 |       0 |      12 |   0.0 |   668
           D:2 |       0 |      25 |   0.0 |       0 |       5 |   0.0 |   129
               +---------+---------+-------+---------+---------+-------+---------
